 Dungeon Crawl Stone Soup version 0.31-b1-20-g67cafac56d (webtiles) character file.

Game seed: 13763858771254395553

2 Esekla the Sneak (level 1, -3/16 HPs)
             Began as an Octopode Delver on Jan 18, 2024.
             Killed from afar by an orc wizard (7 damage)
             ... with a magic dart
             ... on level 5 of the Dungeon.
             The game lasted 00:00:35 (35 turns).

Esekla the Sneak (Octopode Delver)                    Turns: 35, Time: 00:00:35

Health: -3/16      AC:  1    Str: 11    XL:     1   Next: 30%
Magic:  1/1        EV: 13    Int: 12    God:
Gold:   13         SH:  0    Dex: 13    Spells: 0/0 levels left

rFire   . . .        a - +0 falchion
rCold   . . .        (no shield)
rNeg    . . .        (helmet restricted)
rPois   .            (no amulet)
rElec   .            (no ring)
rCorr   .            (no ring)
SInv    .            (no ring)
Will    .....        (no ring)
Stlth   ++++         (no ring)
HPRegen 0.22/turn    (no ring)
MPRegen 0.07/turn    (no ring)
                     (no ring)

%: no passive effects
@: no status effects
A: almost no armour, amphibious, 8 rings, camouflage 1, gelatinous body 1,
(nimble swimmer 1), tentacles
a: no special abilities


You were on level 5 of the Dungeon.
You visited 1 branch of the dungeon, and saw 1 of its levels.

You collected 13 gold pieces.

Inventory:

Hand Weapons
 a - a +0 falchion (weapon)
Wands
 f - a wand of digging (3)
Scrolls
 b - a scroll of fog
 d - 2 scrolls of fear
Potions
 c - a potion of attraction {unknown}
 e - a potion of haste


   Skills:
 * Level 3.0 Fighting
 * Level 2.0 Long Blades
 * Level 2.0 Dodging
 + Level 6.6 Stealth


You couldn't memorise any spells.
You didn't know any spells.
Your spell library was empty.

Dungeon Overview and Level Annotations

Branches:
Dungeon (5/15)
 Temple: D:4-7

Altars:
Ru

Annotations:
D:5 Sigmund


Innate Abilities, Weirdness & Mutations

You cannot wear most types of armour.
You are amphibious.
You can wear up to eight rings at the same time.
Your skin changes colour to match your surroundings (Stealth+).
Your rubbery body absorbs attacks. (AC +1, EV +1)
((You are camouflaged when in or above water. (Stealth+)))
You have tentacles for arms and can constrict up to eight enemies at once.


Message History

Sigmund the Dreaded comes into view.
He is wielding a +0 scythe.
Found 14 gold pieces and a scroll of fear.
Found a bubbling silvery potion.
Found a whip.
d - 2 scrolls of fear (gained 1)
An orc comes into view. It is wielding a +0 dagger.
Found a sacrificial altar of Ru.
You see here a bubbling silvery potion.
c - a bubbling silvery potion The orc shouts!
You hear an angry hiss.
An orc comes into view. It is wielding a +0 club.
An orc comes into view.
It is wielding a +0 whip and wearing a +3 leather armour of cold resistance.
An orc wizard comes into view. It is wielding a +0 dagger.
An iguana comes into view.
An orc priest comes into view. It is wielding a +0 hand axe.
The orc wizard shouts!
You hear a shout!
The orc wizard casts a spell.
The orc wizard flickers and vanishes!
Deactivating autopickup; reactivate with Ctrl-A.
You hear a shout!
The orc attacks as it pursues you! The orc closely misses you.
The orc attacks as it pursues you! The orc closely misses you.
The orc attacks as it pursues you! The orc barely misses you.
The orc attacks as it pursues you! The orc hits you with a +0 dagger.
You closely miss the orc. Your grab misses the orc.
The orc hits you with a +0 dagger.
You closely miss the orc. You grab the orc. You tentacle-slap the orc.
You squeeze the orc.
The orc is severely wounded.
You constrict the orc.
You kill the orc!
You hear some strange, mumbled words.
A magic dart appears from out of thin air!
The magic dart hits you.
* * * LOW HITPOINT WARNING * * *
You barely miss something.
You hear some strange, mumbled words.
A magic dart appears from out of thin air!
The magic dart hits you!
You die...

*,,,,,* **,,,*** ****,,,*,**
*,,,,,,,,,** **,,,**,,,,,**
**,,,,,,,,,,,,* *,,,,,,,,,,,,,,
#########**,,,,,,,...,,
***#.....@{##***,,,,,...** ***
**,..#######l## *,**,....,,
**,****,,,*..~~~..#.#####*...#,<,
*,,,**,,,*,.~...~..#....##.....,,
*,,,**,,*,,.~._.~...#.....#,..#,,
,,,,**,*,*,.~...~..#.##..###..#*,
,,****,,,,*..~~~..#...#.......#**
,,****,,,,,#######o...........#
,,,,**,,,,,,,,,...#o.o......).#


You could see an iguana.

Vanquished Creatures
  An orc (D:5)
1 creature vanquished.

Notes
Turn   | Place    | Note
-------+----------+-------------------------------------------
     0 | D:5      | Esekla the Octopode Delver began the quest for the Orb.
     0 | D:5      | Reached XP level 1. HP: 16/16 MP: 1/1
     5 | D:5      | Noticed Sigmund
    19 | D:5      | Found a sacrificial altar of Ru.
    26 | D:5      | Noticed an orc wizard
    26 | D:5      | Noticed an iguana
    27 | D:5      | Noticed an orc priest
    35 | D:5      | Killed from afar by an orc wizard

Illustrated notes

Levels and vault maps discovered:
D:5:      layout_cave_pools, nicolae_ru_awakened_eye, uniq_sigmund

Action                     || total
---------------------------++-------
  Melee: Falchion          ||     3
         Constrict         ||     1
         Punch             ||     1
         Tentacles         ||     1
    Use: Scroll            ||     1
 Armour: Skin              ||     4
  Dodge: Dodged            ||     3
